TOP OF THE 1ST |
Tacoma Fur Traders batting - Pitching for Providence Pilgrims : RHP Rick Hubbard
|
Pitching: RHP Rick Hubbard
|
|
Batting: LHB Sam Bickerton
|
0-0: TRIPLE (Flyball, 78XD, EV 92.5 MPH)
|
Batting: RHB Axel Chicote
|
0-0: Called Strike 0-1: Ball 1-1: Called Strike 1-2: Ball 2-2: SINGLE (Line Drive, 56D, EV 96.2 MPH) Sam Bickerton scores
|
Batting: LHB Michael Hutchinson
|
0-0: Ball 1-0: Ball 2-0: Ball 3-0: Called Strike 3-1: Called Strike 3-2: Base on Balls Axel Chicote to second
|
Batting: LHB Ezequiel Viana
|
0-0: Called Strike 0-1: Foul Ball, location: 2F 0-2: Strikes out swinging
|
Batting: LHB Cho-yun Yip
|
0-0: Ball 1-0: Foul Ball, location: 2F 1-1: Swinging Strike 1-2: Foul Ball, location: 2F 1-2: Ball 2-2: Strikes out swinging
|
Batting: RHB Félix Olvera
|
0-0: Foul Ball, location: 2F 0-1: DOUBLE (Flyball, 78XD, EV 92.5 MPH) Axel Chicote scores Michael Hutchinson to third
|
Batting: RHB Terry Boyle
|
0-0: Ball 1-0: Ball 2-0: Ball 3-0: Base on Balls
|
Batting: RHB Jeroen Penning
|
0-0: Ball 1-0: SINGLE (Flyball, 89S, EV 89.4 MPH) Michael Hutchinson scores Félix Olvera to third Terry Boyle to second Runner from 3rd tries for Home, SAFE, no throw by RF
|
Batting: RHB Eduardo Sainz
|
0-0: Swinging Strike 0-1: Foul Ball, location: 2F 0-2: Fly out, F7 (Flyball, 7LS, EV 80.6 MPH)
|
Top of the 1st over - 4 runs, 4 hits, 0 errors, 2 left on base; Tacoma 4 - Providence 0 |
BOTTOM OF THE 1ST |
Providence Pilgrims batting - Pitching for Tacoma Fur Traders : RHP Álex Ortíz
|
Pitching: RHP Álex Ortíz
|
|
Batting: LHB César Valtez
|
0-0: Ball 1-0: Ball 2-0: Ball 3-0: Base on Balls
|
Batting: RHB Carlos González
|
0-0: SINGLE (Flyball, 6MD, EV 96.9 MPH) César Valtez to second
|
Batting: RHB Chris Hall
|
0-0: Fielders Choice at 2nd, 3-6 (Groundball, 3S, EV 88.1 MPH) César Valtez to third
|
Batting: RHB Gabriel Méndez
|
0-0: Ball 1-0: Fielders Choice at 2nd, 1-6 (Groundball, 13, EV 77.5 MPH)
|
Batting: RHB Barend Huijbregts
|
0-0: Swinging Strike 0-1: Foul Ball, location: 2F 0-2: Ball 1-2: Foul Ball, location: 2F 1-2: Ground out 4-3 (Groundball, 4, EV 108.1 MPH)
|
Bottom of the 1st over - 0 runs, 1 hit, 0 errors, 2 left on base; Tacoma 4 - Providence 0 |
TOP OF THE 2ND |
Tacoma Fur Traders batting - Pitching for Providence Pilgrims : RHP Rick Hubbard
|
Batting: LHB Sam Bickerton
|
0-0: Called Strike 0-1: Swinging Strike 0-2: Ball 1-2: SINGLE (Line Drive, 56D, EV 100.0 MPH)
|
Batting: RHB Axel Chicote
|
0-0: Ball 1-0: Called Strike 1-1: Ball 2-1: Foul Ball, location: 2F 2-2: Strikes out swinging
|
Batting: LHB Michael Hutchinson
|
0-0: Ball 1-0: Foul Ball, location: 2F 1-1: 2-RUN HOME RUN (Flyball, 9D, EV 98.1 MPH), Distance : 348 ft
|
Batting: LHB Ezequiel Viana
|
0-0: Fly out, F6 (Popup, 6MD, EV 70.0 MPH)
|
Batting: LHB Cho-yun Yip
|
0-0: Ball 1-0: Called Strike 1-1: Called Strike 1-2: Ball 2-2: Fly out, F9 (Line Drive, 9D, EV 92.5 MPH)
|
Top of the 2nd over - 2 runs, 2 hits, 0 errors, 0 left on base; Tacoma 6 - Providence 0 |
BOTTOM OF THE 2ND |
Providence Pilgrims batting - Pitching for Tacoma Fur Traders : RHP Álex Ortíz
|
Batting: RHB Keith Lynn
|
0-0: Ball 1-0: Called Strike 1-1: Swinging Strike 1-2: Ball 2-2: Foul Ball, location: 2F 2-2: Ball 3-2: DOUBLE (Groundball, 5L, EV 101.2 MPH)
|
Batting: RHB Allen Kelley
|
0-0: Ball 1-0: Ball 2-0: Ball 3-0: Called Strike 3-1: Called Strike 3-2: Fly out, F8 (Flyball, 78M, EV 81.9 MPH)
|
Batting: RHB Julián Vélez
|
0-0: Called Strike 0-1: Fly out, F7 (Flyball, 78S, EV 93.1 MPH)
|
Batting: RHB Jesse McCoy
|
0-0: Fly out, F9 (Line Drive, 9, EV 108.1 MPH)
|
Bottom of the 2nd over - 0 runs, 1 hit, 0 errors, 1 left on base; Tacoma 6 - Providence 0 |
TOP OF THE 3RD |
Tacoma Fur Traders batting - Pitching for Providence Pilgrims : RHP Rick Hubbard
|
Batting: RHB Félix Olvera
|
0-0: Called Strike 0-1: Ball 1-1: Fly out, F7 (Flyball, 7S, EV 78.1 MPH)
|
Batting: RHB Terry Boyle
|
0-0: Ball 1-0: Ground out 5-3 (Groundball, 5, EV 101.2 MPH)
|
Pitching: RHP Ángel Ibarra
|
|
Batting: RHB Jeroen Penning
|
0-0: Ball 1-0: Ball 2-0: SINGLE (Line Drive, 89S, EV 98.1 MPH)
|
Batting: RHB Eduardo Sainz
|
0-0: Ball 1-0: Ball 2-0: Called Strike 2-1: Ball 3-1: Base on Balls Jeroen Penning to second
|
Batting: LHB Sam Bickerton
|
0-0: Fielders Choice at 2nd, U6 (Groundball, 6M, EV 100.0 MPH)
|
Top of the 3rd over - 0 runs, 1 hit, 0 errors, 2 left on base; Tacoma 6 - Providence 0 |
BOTTOM OF THE 3RD |
Providence Pilgrims batting - Pitching for Tacoma Fur Traders : RHP Álex Ortíz
|
Batting: LHB César Valtez
|
0-0: Called Strike 0-1: Ball 1-1: Ball 2-1: Foul Ball, location: 2F 2-2: Fly out, F7 (Line Drive, 7, EV 90.6 MPH)
|
Batting: RHB Carlos González
|
0-0: Ball 1-0: Swinging Strike 1-1: Ball 2-1: Fly out, F9 (Flyball, 89D, EV 108.8 MPH)
|
Batting: RHB Chris Hall
|
0-0: Fly out, F8 (Line Drive, 8LM, EV 88.8 MPH)
|
Bottom of the 3rd over - 0 runs, 0 hits, 0 errors, 0 left on base; Tacoma 6 - Providence 0 |
TOP OF THE 4TH |
Tacoma Fur Traders batting - Pitching for Providence Pilgrims : RHP Ángel Ibarra
|
Batting: RHB Axel Chicote
|
0-0: Ball 1-0: Called Strike 1-1: Called Strike 1-2: Ball 2-2: Ball 3-2: Foul Ball, location: 2F 3-2: Base on Balls
|
Batting: LHB Michael Hutchinson
|
0-0: Called Strike 0-1: Foul Ball, location: 2F 0-2: Ball 1-2: Ball 2-2: Fly out, F9 (Flyball, 9, EV 94.4 MPH)
|
Batting: LHB Ezequiel Viana
|
0-0: Grounds into double play, 6-4-3 (Groundball, 6, EV 98.1 MPH)
|
Top of the 4th over - 0 runs, 0 hits, 0 errors, 0 left on base; Tacoma 6 - Providence 0 |
BOTTOM OF THE 4TH |
Providence Pilgrims batting - Pitching for Tacoma Fur Traders : RHP Álex Ortíz
|
Batting: RHB Gabriel Méndez
|
0-0: Ball 1-0: Ball 2-0: Ball 3-0: Called Strike 3-1: Called Strike 3-2: Strikes out swinging, 2-3 out at first.
|
Batting: RHB Barend Huijbregts
|
0-0: Ball 1-0: Foul Ball, location: 2F 1-1: Foul Ball, location: 2F 1-2: Foul Ball, location: 2F 1-2: Foul Ball, location: 2F 1-2: Ball 2-2: DOUBLE (Line Drive, 78D, EV 106.2 MPH)
|
Batting: RHB Keith Lynn
|
0-0: Ball 1-0: Ball 2-0: Foul Ball, location: 2F 2-1: Foul Ball, location: 2F 2-2: Fly out, F8 (Flyball, 8LD, EV 101.2 MPH)
|
Batting: RHB Allen Kelley
|
0-0: Ball 1-0: Fly out, F5 (Line Drive, 5, EV 68.8 MPH)
|
Bottom of the 4th over - 0 runs, 1 hit, 0 errors, 1 left on base; Tacoma 6 - Providence 0 |
TOP OF THE 5TH |
Tacoma Fur Traders batting - Pitching for Providence Pilgrims : RHP Ángel Ibarra
|
Batting: LHB Cho-yun Yip
|
0-0: Ball 1-0: Foul Ball, location: 2F 1-1: Foul Ball, location: 2F 1-2: Ball 2-2: Ball 3-2: Fly out, F4 (Popup, 13, EV 86.9 MPH)
|
Batting: RHB Félix Olvera
|
0-0: Ball 1-0: Foul Ball, location: 2F 1-1: Ground out 6-3 (Groundball, 6, EV 99.4 MPH)
|
Batting: RHB Terry Boyle
|
0-0: Ball 1-0: Ball 2-0: Ball 3-0: Called Strike 3-1: Base on Balls
|
Batting: RHB Jeroen Penning
|
0-0: Ball 1-0: Ball 2-0: Ball 3-0: Foul Ball, location: 2F 3-1: Foul Ball, location: 2F 3-2: Foul Ball, location: 2F 3-2: SINGLE (Line Drive, 78M, EV 94.4 MPH) Terry Boyle to second Terry Boyle to third
|
Batting: RHB Eduardo Sainz
|
0-0: Called Strike 0-1: Fly out, F8 (Flyball, 78D, EV 100.0 MPH)
|
Top of the 5th over - 0 runs, 1 hit, 0 errors, 2 left on base; Tacoma 6 - Providence 0 |
BOTTOM OF THE 5TH |
Providence Pilgrims batting - Pitching for Tacoma Fur Traders : RHP Álex Ortíz
|
Batting: RHB Julián Vélez
|
0-0: Ball 1-0: Ground out 5-3 (Groundball, 5S, EV 94.4 MPH)
|
Pitching: RHP Hang-fu Xiong
|
|
Batting: RHB Jesse McCoy
|
0-0: Ball 1-0: Foul Ball, location: 2F 1-1: SINGLE (Line Drive, 8LS, EV 100.0 MPH)
|
Batting: LHB César Valtez
|
0-0: Ball 1-0: Ball 2-0: Ball 3-0: Base on Balls Jesse McCoy to second
|
Batting: RHB Carlos González
|
0-0: Fly out, F8 (Flyball, 8LD, EV 78.8 MPH)
|
Batting: RHB Chris Hall
|
0-0: Fly out, F6 (Popup, 25, EV 90.0 MPH)
|
Bottom of the 5th over - 0 runs, 1 hit, 0 errors, 2 left on base; Tacoma 6 - Providence 0 |
TOP OF THE 6TH |
Tacoma Fur Traders batting - Pitching for Providence Pilgrims : RHP Ángel Ibarra
|
Batting: LHB Sam Bickerton
|
0-0: Ground out U3 (Groundball, 3, EV 78.8 MPH)
|
Batting: RHB Axel Chicote
|
0-0: Ball 1-0: Ball 2-0: Called Strike 2-1: Foul Ball, location: 2F 2-2: Strikes out swinging
|
Batting: LHB Michael Hutchinson
|
0-0: Ball 1-0: Called Strike 1-1: Ball 2-1: Fly out, F9 (Flyball, 9, EV 78.8 MPH)
|
Top of the 6th over - 0 runs, 0 hits, 0 errors, 0 left on base; Tacoma 6 - Providence 0 |
BOTTOM OF THE 6TH |
Providence Pilgrims batting - Pitching for Tacoma Fur Traders : RHP Hang-fu Xiong
|
Batting: RHB Gabriel Méndez
|
0-0: Ground out 6-3 (Groundball, 6, EV 81.2 MPH)
|
Batting: RHB Barend Huijbregts
|
0-0: Ball 1-0: Ball 2-0: Called Strike 2-1: Fly out, F8 (Flyball, 8RXD, EV 107.5 MPH)
|
Batting: RHB Keith Lynn
|
0-0: Called Strike 0-1: Ball 1-1: Fly out, F8 (Line Drive, 8LD, EV 102.5 MPH)
|
Bottom of the 6th over - 0 runs, 0 hits, 0 errors, 0 left on base; Tacoma 6 - Providence 0 |
TOP OF THE 7TH |
Tacoma Fur Traders batting - Pitching for Providence Pilgrims : RHP Ángel Ibarra
|
Batting: LHB Ezequiel Viana
|
0-0: Ball 1-0: Ball 2-0: Ball 3-0: Called Strike 3-1: Ground out U3 (Groundball, 3L, EV 86.2 MPH)
|
Batting: LHB Cho-yun Yip
|
0-0: Called Strike 0-1: Ball 1-1: Ball 2-1: Ball 3-1: Called Strike 3-2: Base on Balls
|
Pitching: LHP Teika Suto
|
|
Batting: RHB Félix Olvera
|
0-0: Ball 1-0: Called Strike 1-1: SINGLE (Flyball, 7S, EV 95.6 MPH) Cho-yun Yip to second
|
Batting: RHB Terry Boyle
|
0-0: Called Strike 0-1: Ball 1-1: Ball 2-1: SINGLE (Groundball, 6S, EV 65.0 MPH) (infield hit) Cho-yun Yip to third Félix Olvera to second
|
Batting: RHB Jeroen Penning
|
0-0: SINGLE (Line Drive, 4MD, EV 100.6 MPH) Cho-yun Yip scores Félix Olvera to third Terry Boyle to second
|
Batting: RHB Eduardo Sainz
|
0-0: Ground out 4-3 (Groundball, 34D, EV 110.0 MPH) Félix Olvera scores Terry Boyle to third Jeroen Penning to second
|
Pinch Hitting: SHB Miguel Victor
|
0-0: Foul Ball, location: 2F 0-1: Ball 1-1: Swinging Strike 1-2: Ball 2-2: Ground out 6-3 (Groundball, 6, EV 103.1 MPH)
|
Top of the 7th over - 2 runs, 3 hits, 0 errors, 2 left on base; Tacoma 8 - Providence 0 |
BOTTOM OF THE 7TH |
Providence Pilgrims batting - Pitching for Tacoma Fur Traders : RHP Hang-fu Xiong
|
Now in LF: Bari bin Sayyid
|
|
Batting: RHB Allen Kelley
|
0-0: Fly out, F3 (Popup, 34S, EV 72.5 MPH)
|
Pinch Hitting: RHB Mario Ramírez
|
0-0: Ball 1-0: Ball 2-0: Ball 3-0: Base on Balls
|
Batting: RHB Jesse McCoy
|
0-0: Swinging Strike 0-1: SINGLE (Line Drive, 7S, EV 100.6 MPH) Mario Ramírez to second
|
Batting: LHB César Valtez
|
0-0: Foul Ball, location: 2F 0-1: Swinging Strike 0-2: Foul Ball, location: 2F 0-2: Hit by Pitch Mario Ramírez to third Jesse McCoy to second
|
Pinch Hitting: LHB Jorge García
|
0-0: Ball 1-0: Ball 2-0: Swinging Strike 2-1: Ball Wild Pitch! Mario Ramírez scores Jesse McCoy to third César Valtez to second 3-1: Base on Balls
|
Batting: RHB Chris Hall
|
0-0: Called Strike 0-1: Ball 1-1: Swinging Strike 1-2: Foul Ball, location: 2F 1-2: Ball 2-2: Foul Ball, location: 2F 2-2: Foul Ball, location: 2F 2-2: Foul Ball, location: 2F 2-2: Ball 3-2: DOUBLE (Line Drive, 7LS, EV 96.9 MPH) Jesse McCoy scores César Valtez scores Jorge García to third
|
Pitching: RHP Pascal Durand
|
|
Batting: RHB Gabriel Méndez
|
0-0: Called Strike 0-1: Ball 1-1: Foul Ball, location: 2F 1-2: DOUBLE (Flyball, 8RXD, EV 104.4 MPH) Jorge García scores Chris Hall scores
|
Batting: RHB Barend Huijbregts
|
0-0: Called Strike 0-1: Ball 1-1: Foul Ball, location: 2F 1-2: Strikes out swinging
|
Batting: RHB Keith Lynn
|
0-0: Called Strike 0-1: Ball 1-1: Ground out 5-3 (Groundball, 56S, EV 91.2 MPH)
|
Bottom of the 7th over - 5 runs, 3 hits, 0 errors, 1 left on base; Tacoma 8 - Providence 5 |
TOP OF THE 8TH |
Tacoma Fur Traders batting - Pitching for Providence Pilgrims : LHP Teika Suto
|
Now at 1B: David Davis
|
|
Now at 2B: Mario Ramírez
|
|
Batting: RHB Axel Chicote
|
0-0: Called Strike 0-1: Foul Ball, location: 2F 0-2: Ball 1-2: Ball 2-2: Strikes out looking
|
Batting: LHB Michael Hutchinson
|
0-0: Ball 1-0: Fly out, F8 (Flyball, 8RM, EV 88.1 MPH)
|
Batting: LHB Ezequiel Viana
|
0-0: Ball 1-0: Foul Ball, location: 2F 1-1: SINGLE (Groundball, 4MD, EV 94.4 MPH)
|
Batting: LHB Cho-yun Yip
|
0-0: Called Strike 0-1: SINGLE (Line Drive, 8RS, EV 108.8 MPH) Ezequiel Viana to second
|
Batting: RHB Félix Olvera
|
0-0: Ball 1-0: Foul Ball, location: 2F 1-1: Ball 2-1: Ground out 1-3 (Groundball, 13, EV 74.4 MPH)
|
Top of the 8th over - 0 runs, 2 hits, 0 errors, 2 left on base; Tacoma 8 - Providence 5 |
BOTTOM OF THE 8TH |
Providence Pilgrims batting - Pitching for Tacoma Fur Traders : RHP Pascal Durand
|
Batting: RHB Allen Kelley
|
0-0: Foul Ball, location: 2F 0-1: Ball 1-1: Ball 2-1: Called Strike 2-2: Ball 3-2: Base on Balls
|
Batting: RHB Mario Ramírez
|
0-0: Foul Ball, location: 2F 0-1: Ball Wild Pitch! Allen Kelley to second 1-1: Ball 2-1: Foul Ball, location: 2F 2-2: Foul Ball, location: 2F 2-2: Foul Ball, location: 2F 2-2: Strikes out swinging
|
Batting: RHB Jesse McCoy
|
0-0: Called Strike 0-1: Ball 1-1: Ball 2-1: Foul Ball, location: 2F 2-2: Strikes out swinging
|
Batting: LHB César Valtez
|
0-0: Foul Ball, location: 2F 0-1: Ball 1-1: SINGLE (Groundball, 4MD, EV 94.4 MPH) Allen Kelley to third Runner from 3rd tries for Home, SAFE, no throw by CF
|
Batting: LHB David Davis
|
0-0: Ball 1-0: Ball 2-0: Called Strike 2-1: Ball 3-1: Called Strike 3-2: Base on Balls César Valtez to second
|
Pitching: RHP Kenny Caird
|
|
Batting: RHB Chris Hall
|
0-0: Called Strike 0-1: Foul Ball, location: 2F 0-2: Ball 1-2: Foul Ball, location: 2F 1-2: 3-RUN HOME RUN (Flyball, 78XD, EV 95.0 MPH), Distance : 394 ft
|
Batting: RHB Gabriel Méndez
|
0-0: Ball 1-0: Swinging Strike 1-1: Ball 2-1: Ball 3-1: Called Strike 3-2: Base on Balls
|
Batting: RHB Barend Huijbregts
|
0-0: Called Strike 0-1: Foul Ball, location: 2F 0-2: Foul Ball, location: 2F 0-2: Fly out, F7 (Flyball, 7LS, EV 95.0 MPH)
|
Bottom of the 8th over - 4 runs, 2 hits, 0 errors, 1 left on base; Tacoma 8 - Providence 9 |
TOP OF THE 9TH |
Tacoma Fur Traders batting - Pitching for Providence Pilgrims : LHP Teika Suto
|
Pitching: RHP Bernard Hewer
|
|
Batting: RHB Terry Boyle
|
0-0: Ball 1-0: Called Strike 1-1: Ball 2-1: Ball 3-1: Fly out, F8 (Line Drive, 8RD, EV 94.4 MPH)
|
Batting: RHB Jeroen Penning
|
0-0: Called Strike 0-1: Ball 1-1: Foul Ball, location: 2F 1-2: Foul Ball, location: 2F 1-2: Ball 2-2: Ball 3-2: Base on Balls
|
Pinch Hitting: SHB Nathan Polkinghorne
|
0-0: Fly out, F9 (Flyball, 9S, EV 95.0 MPH)
|
Batting: LHB Bari bin Sayyid
|
0-0: Fly out, F6 (Flyball, 6D, EV 85.6 MPH)
|
Top of the 9th over - 0 runs, 0 hits, 0 errors, 1 left on base; Tacoma 8 - Providence 9 |
|